 Dungeon Sprint DCSS version 0.20-a0-629-gc37eb77 (webtiles) character file.

19109 Kidiri the Eclecticist (level 12, -6/75 HPs)
             Began as a Deep Elf Fire Elementalist on Feb 10, 2017.
             Was the Champion of Vehumet.
             Hit by a large rock thrown by Polyphemus (30 damage)
             ... in the Dungeon (Sprint III: "The Ten Rune Challenge").
             The game lasted 00:24:48 (3329 turns).

Kidiri the Eclecticist (Deep Elf Fire Elementalist) Turns: 3329, Time: 00:24:48

Health: -6/75      AC:  7    Str:  5    XL:     12   Next: 33%
Magic:  23/36      EV: 19    Int: 28    God:    Vehumet [******]
Gold:   27         SH:  0    Dex: 15    Spells: 6/47 levels left

rFire    . . .     SeeInvis .   o - +1 dagger
rCold    . . .     Gourm    .   x - +0 robe (curse)
rNeg     . . .     Faith    .   (no shield)
rPois    +         Spirit   .   (helmet restricted)
rElec    .         Reflect  .   m - +1 cloak {rPois}
rCorr    .         Harm     .   (no gloves)
MR       +....     NoTele   +   (no boots)
Stlth    ++........             (no amulet)
Regen    0.3/turn               (no ring)
                                (no ring)

@: no status effects
A: antennae 1, slimy green scales 1, clever 1
a: Renounce Religion


You were in the Dungeon.
You worshipped Vehumet.
Vehumet was exalted by your worship.
You were not hungry.

You visited 1 branch You collected 27 gold pieces.

Inventory:

Hand Weapons
 o - a +1 dagger (weapon)
Armour
 m - a +1 cloak of poison resistance (worn)
 x - a cursed +0 robe (worn)
Wands
 l - a wand of paralysis (1/24)
Scrolls
 p - a scroll of immolation
 q - a scroll of remove curse
 t - a scroll of holy word
Potions
 a - a potion of agility {unknown}
 f - a potion of haste
 h - 2 potions of berserk rage
 n - a potion of might
 r - a potion of brilliance
 s - 2 potions of flight
Books
 w - a book of Geomancy

   Spells                             Type                      Level
   a - Sandblast                      Earth                        1
   b - Passwall                       Transmutation/Earth          2
   c - Stone Arrow                    Conjuration/Earth            3
   d - Petrify                        Transmutation/Earth          4
   e - Lee's Rapid Deconstruction     Earth                        5
Comestibles
 b - 24 royal jellies
 c - a bread ration
 d - 3 chunks of flesh


   Skills:
 + Level 8.9 Fighting
 + Level 8.8 Short Blades
 + Level 8.9 Armour
 - Level 10.2 Dodging
 - Level 2.4 Stealth
 * Level 18.1 Spellcasting
 + Level 11.4 Conjurations
 + Level 11.8 Fire Magic
 + Level 4.8 Ice Magic
 + Level 7.8 Air Magic
 + Level 9.7 Earth Magic
 + Level 9.5 Poison Magic
 + Level 7.0 Evocations


You had 6 spell levels left.
You knew the following spells:

 Your Spells              Type           Power        Failure   Level  Hunger
a - Flame Tongue          Conj/Fire      #####        0%          1    None
b - Throw Flame           Conj/Fire      ######       1%          2    None
c - Conjure Flame         Conj/Fire      ######..     1%          3    None
d - Inner Flame           Hex/Fire       ######..     1%          3    None
e - Sticky Flame          Conj/Fire      ######..     1%          4    None
f - Fireball              Conj/Fire      ######....   1%          5    None
g - Bolt of Magma         Conj/Fire/Erth ######....   1%          5    None
h - Stone Arrow           Conj/Erth      ######       1%          3    None
i - Lee's Rapid Deconstr  Erth           ######....   1%          5    None
j - Sting                 Conj/Pois      ####         1%          1    None
k - Mephitic Cloud        Conj/Pois/Air  ######..     1%          3    None
l - Bolt of Cold          Conj/Ice       ######....   3%          6    ##.....


Dungeon Overview and Level Annotations

Branches:
Dungeon (1/1)

Altars:
Cheibriados
Dithmenos
Elyvilon
Fedhas
Gozag
Hepliaklqana
Kikubaaqudgha
Makhleb
Nemelex Xobeh
Okawaru
Qazlal
Ru
Sif Muna
Trog
Uskayaw
Vehumet
Xom
Yredelemnul
Zin
The Shining One
Beogh
Jiyva
Lugonu

Annotations:
D Ilsuiw, Polyphemus


Innate Abilities, Weirdness & Mutations

You have a pair of small antennae on your head.
You are partially covered in slimy green scales. (AC +2)
Your mind is acute. (Int +2)


Message History

Polyphemus is moderately wounded.
Ilsuiw shouts!
Ilsuiw casts a spell.
Ilsuiw flickers and vanishes!
Deactivating autopickup; reactivate with Ctrl-A.
Polyphemus throws a large rock.
The large rock hits you!!
Unknown command.
Okay, then.
Unknown command.
Okay, then.
Unknown command.
Casting: Bolt of Magma
Confirm with . or Enter, or press ? or * to list all spells.
Aiming: Bolt of Magma
Press: ? - help, Shift-Dir - straight line, f - Polyphemus
Aim: Polyphemus (steam, moderately wounded)
The bolt of magma hits Polyphemus.
Polyphemus is heavily wounded.
Polyphemus throws a large rock.
The large rock hits you!!
You die...

#.≈≈§≈.§§.♣♣♣♣♣♣♣#.......♣
#≈.≈§≈§§≈.♣ ###+...♣♣
##+####'#######♣
♣♣♣♣.##..##
........)......♣♣
♣...##.##.#
#+#############'♣
♣♣.##.##.## #≈P.......%..♣
♣..#.##.).
..+≈≈...########♣♣
♣♣.##.##..
.J#≈≈≈......(..PP♣
♣♣.##.####
..#≈≈≈≈P..PP@(..P♣ ♣.....#
# ###########'#### #######
▓≈C§ ▓≈≈§§≈ ▓≈≈≈.{≈≈
▓≈≈...†≈ ▓≈≈≈.†≈≈ ▓≈≈≈≈≈≈≈


You could see Polyphemus.

Vanquished Creatures
  Sigmund (D)
  Rupert (D)
  A centaur warrior (D)
  Erica (D)
  4 death yaks (D)
  Urug (D)
  An unseen horror (D)
  A lindwurm (D)
  A deep elf mage (D)
  2 black mambas (D)
  Edmund (D)
  2 spiny frogs (D)
  A rime drake (D)
  A komodo dragon (D)
  3 wandering mushrooms (D)
  A queen bee (D)
  8 blink frogs (D)
  2 tyrant leeches (D)
  3 dream sheep (D)
  A shadow (D)
  3 redbacks (D)
  A spatial vortex (D)
  A swamp drake (D)
  A necrophage (D)
  2 centaurs (D)
  An earth elemental (D)
  A water elemental (D)
  25 killer bees (D)
  A jelly (D)
  Crazy Yiuf (D)
  A wizard (D)
  A necromancer (D)
  3 humans (D)
  A kobold demonologist (D)
  An ooze (D)
  3 rats (D)
  A plant (D)
85 creatures vanquished.

Vanquished Creatures (collateral kills)
  4 killer bees (D)
4 creatures vanquished.

Vanquished Creatures (others)
  2 draconian scorchers (D)
  6 hellions (D)
  3 yaktaurs (D)
  3 killer bees (D)
  3 plants (D)
17 creatures vanquished.

Grand Total: 106 creatures vanquished

Notes
Turn   | Place    | Note
-------+----------+-------------------------------------------
     0 | D        | Kidiri the Deep Elf Fire Elementalist began the quest for the Orb.
     0 | D        | Reached XP level 1. HP: 10/10 MP: 6/6
    72 | D        | Reached skill level 4 in Spellcasting
   101 | D        | Killed a hellion
   101 | D        | Killed a hellion
   102 | D        | Killed a hellion
   102 | D        | Killed a hellion
   125 | D        | Killed a hellion
   135 | D        | Noticed Crazy Yiuf
   143 | D        | Killed Crazy Yiuf
   143 | D        | Reached skill level 1 in Fighting
   143 | D        | Reached skill level 1 in Armour
   143 | D        | Reached skill level 5 in Spellcasting
   143 | D        | Reached XP level 2. HP: 17/17 MP: 3/10
   143 | D        | Reached XP level 3. HP: 21/21 MP: 3/11
   147 | D        | Learned a level 2 spell: Throw Flame
   148 | D        | Killed a yaktaur
   151 | D        | Learned a level 3 spell: Conjure Flame
   155 | D        | Learned a level 3 spell: Inner Flame
   172 | D        | Killed a hellion
   238 | D        | Killed a white draconian scorcher
   250 | D        | Killed a white draconian scorcher
   387 | D        | Noticed a water elemental
   402 | D        | Gained mutation: You regenerate slowly when monsters are visible. [potion of mutation]
   402 | D        | Gained mutation: Your muscles are strong. (Str +2) [potion of mutation]
   403 | D        | Lost mutation: Your muscles are strong. (Str +2) [potion of mutation]
   403 | D        | Lost mutation: You regenerate slowly when monsters are visible. [potion of mutation]
   403 | D        | Gained mutation: You expend magic power (3 MP) to strengthen your wands. [potion of mutation]
   403 | D        | Gained mutation: Your system is resistant to poisons. (rPois) [potion of mutation]
   403 | D        | Gained mutation: Your spells are a little harder to cast, but a little more powerful. [potion of mutation]
   404 | D        | Lost mutation: Your spells are a little harder to cast, but a little more powerful. [potion of mutation]
   404 | D        | Lost mutation: You expend magic power (3 MP) to strengthen your wands. [potion of mutation]
   404 | D        | Lost mutation: Your system is resistant to poisons. (rPois) [potion of mutation]
   404 | D        | Gained mutation: You are partially covered in large bone plates. (SH +4) [potion of mutation]
   404 | D        | Gained mutation: You are agile. (Dex +2) [potion of mutation]
   404 | D        | Gained mutation: You are somewhat resistant to further mutation. [potion of mutation]
   405 | D        | Lost mutation: You are agile. (Dex +2) [potion of mutation]
   405 | D        | Gained mutation: You possess an exceptional clarity of mind. [potion of mutation]
   417 | D        | Killed a water elemental
   417 | D        | Reached skill level 7 in Spellcasting
   417 | D        | Reached skill level 5 in Fire Magic
   417 | D        | Reached XP level 4. HP: 27/27 MP: 10/15
   423 | D        | Learned a level 4 spell: Sticky Flame
   451 | D        | Found a radiant altar of Vehumet.
   452 | D        | Found a deep blue altar of Sif Muna.
   452 | D        | Found an ancient bone altar of Kikubaaqudgha.
   452 | D        | Noticed a wizard
   454 | D        | Killed a wizard
   454 | D        | Reached skill level 5 in Dodging
   456 | D        | Reached XP level 5. HP: 32/32 MP: 5/17
   459 | D        | Became a worshipper of Vehumet
   477 | D        | Learned a level 5 spell: Fireball
   534 | D        | Found a glowing silver altar of Zin.
   535 | D        | Found a glowing golden altar of the Shining One.
   535 | D        | Found a white marble altar of Elyvilon.
   535 | D        | Noticed a deep elf mage
   542 | D        | Killed a deep elf mage
   542 | D        | Reached skill level 10 in Spellcasting
   542 | D        | Reached XP level 6. HP: 39/39 MP: 9/21
   542 | D        | Reached XP level 7. HP: 44/44 MP: 9/23
   547 | D        | Learned a level 3 spell: Stone Arrow
   553 | D        | Learned a level 5 spell: Lee's Rapid Deconstruction
   618 | D        | Found a hide-covered altar of Uskayaw.
   618 | D        | Found a roughly hewn altar of Beogh.
   618 | D        | Found an iron altar of Okawaru.
   618 | D        | Found a bloodstained altar of Trog.
   618 | D        | Noticed a human
   622 | D        | Noticed a human
   622 | D        | Killed a human
   622 | D        | Reached skill level 1 in Short Blades
   622 | D        | Reached skill level 11 in Spellcasting
   622 | D        | Reached skill level 1 in Earth Magic
   628 | D        | Killed a human
   628 | D        | Reached * piety under Vehumet
   628 | D        | Offered knowledge of Sting by Vehumet.
   628 | D        | Reached skill level 5 in Fighting
   628 | D        | Reached skill level 5 in Armour
   631 | D        | Learned a level 1 spell: Sting
   788 | D        | Found a basalt altar of Yredelemnul.
   788 | D        | Found a shadowy altar of Dithmenos.
   788 | D        | Found a sacrificial altar of Ru.
   841 | D        | Noticed a shadow
   842 | D        | Offered knowledge of Searing Ray by Vehumet.
   842 | D        | Reached ** piety under Vehumet
   846 | D        | Killed a shadow
   846 | D        | Reached skill level 12 in Spellcasting
   846 | D        | Reached skill level 1 in Poison Magic
   846 | D        | Reached XP level 8. HP: 49/49 MP: 8/26
   936 | D        | Found a blossoming altar of Fedhas.
   936 | D        | Found a stormy altar of Qazlal.
   936 | D        | Found a snail-covered altar of Cheibriados.
   936 | D        | Found a burning altar of Makhleb.
   936 | D        | Found a shimmering altar of Xom.
   937 | D        | Found a hazy altar of Hepliaklqana.
   937 | D        | Found an opulent altar of Gozag.
   937 | D        | Found a sparkling altar of Nemelex Xobeh.
   937 | D        | Found a corrupted altar of Lugonu.
   937 | D        | Found a viscous altar of Jiyva.
  1013 | D        | Noticed Erica
  1023 | D        | Killed Erica
  1023 | D        | Offered knowledge of Mephitic Cloud by Vehumet.
  1023 | D        | Reached skill level 13 in Spellcasting
  1028 | D        | Learned a level 3 spell: Mephitic Cloud
  1092 | D        | Reached *** piety under Vehumet
  1092 | D        | Reached XP level 9. HP: 28/55 MP: 13/28
  1093 | D        | Killed a yaktaur
  1240 | D        | Noticed a centaur warrior
  1242 | D        | Offered knowledge of Dazzling Spray by Vehumet.
  1242 | D        | Reached skill level 1 in Air Magic
  1250 | D        | Killed a centaur warrior
  1250 | D        | Reached skill level 5 in Earth Magic
  1623 | D        | Noticed an unseen horror
  1626 | D        | Killed an unseen horror
  1626 | D        | Reached **** piety under Vehumet
  1626 | D        | Reached skill level 5 in Short Blades
  1626 | D        | Reached skill level 14 in Spellcasting
  1626 | D        | Reached skill level 5 in Poison Magic
  1691 | D        | Noticed a queen bee
  1693 | D        | Offered knowledge of Bolt of Magma by Vehumet.
  1694 | D        | Reached ***** piety under Vehumet
  1698 | D        | Killed a queen bee
  1698 | D        | Reached skill level 10 in Dodging
  1698 | D        | Reached XP level 10. HP: 58/61 MP: 8/30
  1698 | D        | Reached ****** piety under Vehumet
  1858 | D        | Learned a level 5 spell: Bolt of Magma
  1950 | D        | Noticed Sigmund
  1950 | D        | Noticed Edmund
  1967 | D        | Killed Sigmund
  1967 | D        | Offered knowledge of Ozocubu's Refrigeration by Vehumet.
  1967 | D        | Reached skill level 16 in Spellcasting
  1967 | D        | Reached skill level 10 in Conjurations
  1967 | D        | Reached skill level 10 in Fire Magic
  1967 | D        | Reached skill level 5 in Air Magic
  1967 | D        | Reached XP level 11. HP: 38/67 MP: 28/33
  2077 | D        | Killed Edmund
  2199 | D        | Noticed a lindwurm
  2202 | D        | Offered knowledge of Bolt of Cold by Vehumet.
  2218 | D        | Killed a lindwurm
  2218 | D        | Reached skill level 5 in Evocations
  2246 | D        | HP: 1/68 [tyrant leech (24)]
  2609 | D        | Learned a level 6 spell: Bolt of Cold
  2671 | D        | Noticed Urug
  2677 | D        | Killed Urug
  2677 | D        | Reached skill level 1 in Ice Magic
  2858 | D        | Reached skill level 17 in Spellcasting
  2860 | D        | Offered knowledge of Conjure Ball Lightning by Vehumet.
  3052 | D        | Noticed Rupert
  3059 | D        | Killed Rupert
  3137 | D        | Lost mutation: You possess an exceptional clarity of mind. [potion of mutation]
  3137 | D        | Lost mutation: You are partially covered in large bone plates. (SH +4) [potion of mutation]
  3137 | D        | Lost mutation: You are somewhat resistant to further mutation. [potion of mutation]
  3137 | D        | Gained mutation: You are partially covered in slimy green scales. (AC +2) [potion of mutation]
  3137 | D        | Gained mutation: Your mind is acute. (Int +2) [potion of mutation]
  3137 | D        | Gained mutation: You have a pair of small antennae on your head. [potion of mutation]
  3164 | D        | Noticed a death yak
  3166 | D        | Noticed a death yak
  3167 | D        | Noticed a death yak
  3170 | D        | Killed a death yak
  3170 | D        | Reached XP level 12. HP: 75/75 MP: 20/35
  3171 | D        | Noticed a death yak
  3172 | D        | Killed a death yak
  3174 | D        | Offered knowledge of Iskenderun's Battlesphere by Vehumet.
  3175 | D        | Killed a death yak
  3178 | D        | Killed a death yak
  3178 | D        | Reached skill level 18 in Spellcasting
  3311 | D        | Noticed an azure jelly
  3311 | D        | Noticed an azure jelly
  3321 | D        | Noticed Polyphemus
  3328 | D        | Noticed Ilsuiw
  3329 | D        | Hit by a large rock thrown by Polyphemus

Vault maps used:
D:        dungeon_sprint_mu

Skill      XL: |  1  2  3  4  5  6  7  8  9 10 11 12 |
---------------+-------------------------------------+-----
Spellcasting   | 5 7 10 12 13 14 16 17 18 | 18.1
Fighting       | 1 2 3 4 5 6 7 8 |  8.9
Armour         | 1 2 4 5 6 7 8 |  8.9
Dodging        | 3 4 5 7 8 9 10 | 10.2
Conjurations   | 2 3 4 6 7 8 10 11 | 11.4
Fire Magic     | 4 5 7 8 9 10 11 | 11.8
Short Blades   | 2 4 5 6 8 |  8.8
Earth Magic    | 3 4 5 7 9 |  9.7
Poison Magic   | 1 3 5 7 9 |  9.5
Air Magic      | 3 5 7 |  7.8
Evocations     | 3 6 7 |  7.0
Ice Magic      | 3 4 |  4.8
Stealth        | |  2.4

Action                   |  1- 3 |  4- 6 |  7- 9 | 10-12 || total
-------------------------+-------+-------+-------+-------++-------
Melee: Quarterstaff      |     1 |       |       |       ||     1
       Unarmed           |     1 |       |       |       ||     1
       Dagger            |       |     1 |     6 |    15 ||    22
 Cast: Flame Tongue      |    20 |     6 |    11 |    16 ||    53
       Throw Flame       |     1 |       |       |     2 ||     3
       Sticky Flame      |       |     3 |     9 |     9 ||    21
       Stone Arrow       |       |       |    15 |     6 ||    21
       Conjure Flame     |       |       |     3 |     7 ||    10
       Fireball          |       |       |     6 |    12 ||    18
       Mephitic Cloud    |       |       |     1 |     6 ||     7
       Sting             |       |       |     1 |       ||     1
       Bolt of Magma     |       |       |       |    29 ||    29
  Use: Potion            |     4 |       |     1 |     5 ||    10
       Scroll            |     1 |       |     3 |     2 ||     6
 Stab: Sleeping          |       |     1 |       |       ||     1
       Confused          |       |       |       |     1 ||     1
  Eat: Royal jelly       |       |       |     2 |       ||     2
       Fruit             |       |       |       |     5 ||     5
       Chunk             |       |       |       |     2 ||     2
Armor: Robe              |     1 |     2 |     3 |       ||     6
Dodge: Dodged            |    10 |     2 |     9 |    15 ||    36
Block: Other             |       |     1 |     3 |     4 ||     8
